[Event "57th Biel Festival ATO 2024"]
[Site "Biel"]
[Date "2024.07.19"]
[Round "4.14"]
[White "Bangerter, Daria"]
[Black "Cardoso Rodrigues, Michael"]
[Result "1-0"]
[ECO "C43"]
[WhiteElo "1931"]
[BlackElo "1796"]
[Annotator "RC"]
[PlyCount "83"]
[EventDate "2024.07.03"]
[EventType "swiss"]
[EventCountry "SUI"]
[SourceTitle "playchess.com"]
[Source "ChessBase"]
[SourceQuality "1"]
[TimeControl "40/5400+30:1800+30"]

1. e4 e5 2. Nf3 Nf6 3. d4 Nxe4 4. Bd3 d5 5. Nxe5 Nd7 6. Nc3 Bb4 7. O-O Nxc3 8. bxc3 Bxc3 9. Rb1 Nxe5 10. dxe5 O-O 11. Bxh7+ Kxh7 12. Qd3+ Kg8 13. Qxc3 b6 14. Qg3 Bf5 15. Bh6 Bg6 16. Bg5 Qd7 17. Rb4 d4 18. Qh4 c5 19. Rb3 d3 20. cxd3 Bxd3 21. Qg3 c4 22. Rc3 Rac8 23. Bf6 Bg6 24. Qh4 Bd3 25. Qg5 Bg6 26. Bxg7 Kxg7 27. Rh3 Qxh3 28. gxh3 f6 29. exf6+ Rxf6 30. Rd1 Rc7 31. Qe5 Rc5 32. Rd5 Rcc6 33. Rd7+ Bf7 34. Rc7 Rce6 35. Qc3 b5 36. a3 a6 37. Kf1 Rd6 38. Ke1 Rd3 39. Qe5 Rxa3 40. Qg5+ Rg6 41. Qe7 Rf6 42. Qxa3 1-0

[Event "57th Biel Festival ATO 2024"]
[Site "Biel"]
[Date "2024.07.19"]
[Round "4.15"]
[White "Retti, Marco"]
[Black "Ribera Caro, Joan"]
[Result "1/2-1/2"]
[ECO "B22"]
[WhiteElo "1772"]
[BlackElo "1920"]
[Annotator "RC"]
[PlyCount "91"]
[EventDate "2024.07.03"]
[EventType "swiss"]
[EventCountry "SUI"]
[SourceTitle "playchess.com"]
[Source "ChessBase"]
[SourceQuality "1"]
[TimeControl "40/5400+30:1800+30"]

1. e4 c5 2. c3 d5 3. exd5 Qxd5 4. Nf3 g6 5. d4 cxd4 6. Qxd4 Qxd4 7. Nxd4 a6 8. Be2 Bg7 9. Be3 e5 10. Nb3 Ne7 11. N1d2 Nd7 12. Bf3 Nf5 13. Nc4 Nxe3 14. Nxe3 f5 15. O-O e4 16. Be2 Ne5 17. Nd5 Kf7 18. Nb6 Rb8 19. Nxc8 Rbxc8 20. Rad1 Rhd8 21. f4 Nd7 22. Rd5 Nb6 23. Rxd8 Rxd8 24. Na5 Rd2 25. Bc4+ Kf8 26. Rf2 Nxc4 27. Nxc4 Rd7 28. Rd2 Rxd2 29. Nxd2 Ke7 30. Nb1 b5 31. b3 Kd6 32. Kf2 Kd5 33. Ke3 Bf8 34. Nd2 Bg7 35. c4+ Kc5 36. cxb5 axb5 37. a4 bxa4 38. bxa4 Kb4 39. Nxe4 fxe4 40. Kxe4 Kxa4 41. g4 Kb5 42. h4 Kc6 43. f5 Bf6 44. g5 Bc3 45. fxg6 hxg6 46. h5 1/2-1/2

[Event "57th Biel Festival ATO 2024"]
[Site "Biel"]
[Date "2024.07.19"]
[Round "4.16"]
[White "Bangerter, Ena"]
[Black "Aegerter, Fabrice"]
[Result "1-0"]
[ECO "A80"]
[WhiteElo "1771"]
[BlackElo "1917"]
[Annotator "RC"]
[PlyCount "27"]
[EventDate "2024.07.03"]
[EventType "swiss"]
[EventCountry "SUI"]
[SourceTitle "playchess.com"]
[Source "ChessBase"]
[SourceQuality "1"]
[TimeControl "40/5400+30:1800+30"]

1. d4 f5 2. Bg5 h6 3. Bh4 g5 4. Bg3 Nf6 5. e3 d6 6. h4 Rg8 7. hxg5 hxg5 8. Be2 c6 9. Bh5+ Kd7 10. Qf3 Kc7 11. Bf7 Rg7 12. Bb3 Qe8 13. Bh2 Rh7 14. Ne2 1-0

[Event "57th Biel Festival ATO 2024"]
[Site "Biel"]
[Date "2024.07.19"]
[Round "4.17"]
[White "Leuenberger, Urs"]
[Black "Pantillon, Patrick Andre"]
[Result "1-0"]
[ECO "B04"]
[WhiteElo "1903"]
[BlackElo "1782"]
[Annotator "RC"]
[PlyCount "67"]
[EventDate "2024.07.03"]
[EventType "swiss"]
[EventCountry "SUI"]
[SourceTitle "playchess.com"]
[Source "ChessBase"]
[SourceQuality "1"]
[TimeControl "40/5400+30:1800+30"]

1. e4 Nf6 2. e5 Nd5 3. c4 Nb6 4. d4 d6 5. exd6 cxd6 6. Nf3 Nc6 7. Be2 e6 8. O-O Be7 9. Nc3 O-O 10. Be3 d5 11. c5 Nd7 12. Qd2 a6 13. Rab1 f5 14. b4 Nf6 15. Rfd1 Ne4 16. Nxe4 fxe4 17. Ne5 Nxe5 18. dxe5 Qc7 19. Bd4 Bd7 20. Bg4 Rf7 21. Rdc1 Raf8 22. a4 Qd8 23. Be3 h6 24. b5 Bg5 25. Bxg5 hxg5 26. Rf1 Rf4 27. h3 axb5 28. axb5 Qe7 29. Qe3 g6 30. Rb2 Kg7 31. Ra1 Kh6 32. Ra7 Bxb5 33. Rxb5 Rxf2 34. Rbxb7 1-0

[Event "57th Biel Festival ATO 2024"]
[Site "Biel"]
[Date "2024.07.19"]
[Round "4.18"]
[White "Boillat, Maxime"]
[Black "Voet, Dirk"]
[Result "1-0"]
[ECO "B06"]
[WhiteElo "1768"]
[BlackElo "1869"]
[Annotator "NA RC"]
[PlyCount "43"]
[EventDate "2024.07.03"]
[EventType "swiss"]
[EventCountry "SUI"]
[SourceTitle "playchess.com"]
[Source "ChessBase"]
[SourceQuality "1"]
[TimeControl "40/5400+30:1800+30"]

1. e4 g6 2. d4 Bg7 3. Nc3 d6 4. h4 b6 5. Be2 h5 6. Nf3 Bb7 7. Ng5 Nd7 8. Bc4 Nh6 9. Bxf7+ Nxf7 10. Ne6 Qc8 11. Nxg7+ Kf8 12. Ne6+ Kg8 13. Ng5 Nf6 14. f3 Nd8 15. Be3 e5 16. Qd2 Kg7 17. dxe5 dxe5 18. Nd5 Nc6 19. O-O-O Rd8 20. Qc3 Re8 21. Nxf6 Kxf6 22. g4 1-0

[Event "57th Biel Festival ATO 2024"]
[Site "Biel"]
[Date "2024.07.19"]
[Round "4.19"]
[White "Titov, Dmitrii"]
[Black "Galerne, Rene"]
[Result "1-0"]
[ECO "D05"]
[WhiteElo "1899"]
[BlackElo "1773"]
[Annotator "NA RC"]
[PlyCount "41"]
[EventDate "2024.07.03"]
[EventType "swiss"]
[EventCountry "SUI"]
[SourceTitle "playchess.com"]
[Source "ChessBase"]
[SourceQuality "1"]
[TimeControl "40/5400+30:1800+30"]

1. d4 d5 2. Nf3 Nf6 3. e3 e6 4. Bd3 Be7 5. Nbd2 Nbd7 6. O-O c5 7. b3 b6 8. Bb2 Qc7 9. Rc1 a5 10. a4 Ba6 11. Bxa6 Rxa6 12. c4 Qb7 13. cxd5 exd5 14. Ne5 Nxe5 15. dxe5 Ne4 16. Nxe4 dxe4 17. Qg4 O-O 18. e6 g6 19. Rfd1 f5 20. Qh3 Bf6 21. Rd7 1-0

[Event "57th Biel Festival ATO 2024"]
[Site "Biel"]
[Date "2024.07.19"]
[Round "4.20"]
[White "Szelag, Zuzanna"]
[Black "Rossi, Jonas"]
[Result "1/2-1/2"]
[ECO "C12"]
[WhiteElo "1897"]
[BlackElo "1796"]
[Annotator "NA RC"]
[PlyCount "99"]
[EventDate "2024.07.03"]
[EventType "swiss"]
[EventCountry "SUI"]
[SourceTitle "playchess.com"]
[Source "ChessBase"]
[SourceQuality "1"]
[TimeControl "40/5400+30:1800+30"]

1. e4 e6 2. d4 d5 3. Nc3 Nf6 4. Bg5 Bb4 5. e5 h6 6. Bd2 Bxc3 7. bxc3 Ne4 8. Qg4 g6 9. Bd3 Nxd2 10. Kxd2 c5 11. Nf3 Nc6 12. h4 c4 13. Be2 Bd7 14. Qf4 Qe7 15. Nh2 h5 16. g4 O-O-O 17. gxh5 gxh5 18. Rhg1 Rh7 19. Rg5 Rdh8 20. a3 b5 21. Nf1 a5 22. Ng3 b4 23. axb4 axb4 24. Rxh5 bxc3+ 25. Ke1 Kb7 26. Rxh7 Rxh7 27. h5 Qb4 28. h6 Qb2 29. Rc1 Nxd4 30. Nh5 Rh8 31. Bd1 Nf5 32. Nf6 Ba4 33. h7 Ka6 34. Nxd5 exd5 35. Qxf5 Qxc1 36. Qf6+ Kb5 37. Qxh8 Bxc2 38. Qb8+ Ka4 39. Qa8+ Kb4 40. Qxd5 Qd2+ 41. Qxd2 cxd2+ 42. Kxd2 Bxh7 43. Bh5 c3+ 44. Kc1 Bg8 45. f4 Kc4 46. Kd1 Kd4 47. Kc1 Ke4 48. Kc2 Kxf4 49. Kxc3 Kxe5 50. Bxf7 1/2-1/2

[Event "57th Biel Festival ATO 2024"]
[Site "Biel"]
[Date "2024.07.19"]
[Round "4.21"]
[White "Wenger, Arejou"]
[Black "Kim, Yejun"]
[Result "1/2-1/2"]
[ECO "B31"]
[WhiteElo "1875"]
[BlackElo "1642"]
[Annotator "NA RC"]
[PlyCount "65"]
[EventDate "2024.07.03"]
[EventType "swiss"]
[EventCountry "SUI"]
[SourceTitle "playchess.com"]
[Source "ChessBase"]
[SourceQuality "1"]
[TimeControl "40/5400+30:1800+30"]

1. e4 c5 2. Nf3 Nc6 3. Bb5 g6 4. O-O Bg7 5. Re1 e5 6. c3 a6 7. Bf1 Nge7 8. d3 h6 9. Be3 d6 10. h3 O-O 11. Qd2 Kh7 12. d4 cxd4 13. cxd4 f5 14. dxe5 fxe4 15. exd6 Nf5 16. Nh2 Nxe3 17. fxe3 Be5 18. Nc3 Bxd6 19. Nxe4 Bxh2+ 20. Kxh2 Qh4 21. Qd6 Bxh3 22. gxh3 Qxe4 23. Qc7+ Kh8 24. Qg3 Ne5 25. Bg2 Nf3+ 26. Kh1 Qh4 27. Qxh4 Nxh4 28. Bxb7 Rab8 29. Bxa6 Rxb2 30. Re2 Rf2 31. Rxf2 Rxf2 32. Rf1 Rxa2 33. Bc4 1/2-1/2

[Event "57th Biel Festival ATO 2024"]
[Site "Biel"]
[Date "2024.07.19"]
[Round "4.22"]
[White "Buntschu, Kurt"]
[Black "Moon, Sunwoong"]
[Result "0-1"]
[ECO "C08"]
[WhiteElo "1868"]
[BlackElo "1661"]
[Annotator "NA"]
[PlyCount "132"]
[EventDate "2024.07.03"]
[EventType "swiss"]
[EventCountry "SUI"]
[SourceTitle "playchess.com"]
[Source "ChessBase"]
[SourceQuality "1"]
[TimeControl "40/5400+30:1800+30"]

1. e4 e6 2. d4 d5 3. Nd2 c5 4. exd5 exd5 5. Bb5+ Bd7 6. Qe2+ Qe7 7. Bxd7+ Nxd7 8. dxc5 Qxe2+ 9. Nxe2 Bxc5 10. Nb3 Bb6 11. Bf4 Ngf6 12. O-O O-O 13. Rad1 Rfe8 14. Ned4 Nc5 15. Nxc5 Bxc5 16. Nb3 Bb6 17. Rfe1 Re6 18. Kf1 Rae8 19. a4 a5 20. Bd2 Ng4 21. h3 Nxf2 22. Rxe6 Rxe6 23. Re1 Ne4 24. Be3 Bxe3 25. Rxe3 b6 26. Rd3 Rd6 27. Nd4 Nc5 28. Re3 g6 29. b3 Ne6 30. Nxe6 fxe6 31. Ke2 Kf7 32. Kd3 Kf6 33. Rf3+ Ke7 34. Kd4 Rc6 35. c3 Kd6 36. Rf6 Rc7 37. Rf8 e5+ 38. Kd3 e4+ 39. Kd4 Re7 40. Ke3 Ke5 41. Rc8 h5 42. Rc6 Re6 43. Rc8 Kf5 44. Rd8 Re5 45. Rd6 g5 46. Rxb6 g4 47. hxg4+ hxg4 48. g3 Kg5 49. Rb5 Kf5 50. Rxa5 d4+ 51. Kxd4 Rxa5 52. c4 Re5 53. Ke3 Ke6 54. b4 Kd6 55. a5 Kc6 56. a6 Kb6 57. b5 Rc5 58. Kxe4 Rxc4+ 59. Kf5 Ra4 60. Kg5 Kxb5 61. a7 Rxa7 62. Kxg4 Rg7+ 63. Kf4 Kc6 64. g4 Kd7 65. Kf5 Ke7 66. g5 Kf7 0-1

[Event "57th Biel Festival ATO 2024"]
[Site "Biel"]
[Date "2024.07.19"]
[Round "4.23"]
[White "Akhmediyar, Yernur"]
[Black "Gafner, Lancelot"]
[Result "1-0"]
[ECO "A28"]
[WhiteElo "1751"]
[BlackElo "1864"]
[Annotator "NA RC"]
[PlyCount "81"]
[EventDate "2024.07.03"]
[EventType "swiss"]
[EventCountry "SUI"]
[SourceTitle "playchess.com"]
[Source "ChessBase"]
[SourceQuality "1"]
[TimeControl "40/5400+30:1800+30"]

1. c4 e5 2. Nc3 Nf6 3. Nf3 Nc6 4. e4 Bb4 5. d3 d6 6. Be2 h6 7. O-O O-O 8. a3 Ba5 9. b4 Bb6 10. Na4 Bd4 11. Rb1 Bb6 12. Bb2 Bg4 13. h3 Bxf3 14. Bxf3 Bd4 15. b5 Ne7 16. Bxd4 exd4 17. Qe2 c6 18. bxc6 bxc6 19. e5 dxe5 20. Qxe5 Re8 21. Qc5 Qd7 22. Rfe1 Rac8 23. Qa5 c5 24. Nxc5 Qf5 25. Nb7 Qxd3 26. Rbd1 Qf5 27. Rxe7 Qxa5 28. Rxe8+ Nxe8 29. Nxa5 Rc5 30. Nc6 Rxc4 31. Rxd4 Rc1+ 32. Kh2 Nc7 33. Nxa7 Rc3 34. a4 Ne6 35. Rb4 Rc5 36. Rb5 Rc4 37. a5 Nd4 38. Rb8+ Kh7 39. Be4+ g6 40. Rb7 Kg8 41. Rxf7 1-0

[Event "57th Biel Festival ATO 2024"]
[Site "Biel"]
[Date "2024.07.19"]
[Round "4.24"]
[White "Hansen, Michael Bo"]
[Black "Nergard, Ole-Kristian"]
[Result "0-1"]
[ECO "E91"]
[WhiteElo "1759"]
[BlackElo "1830"]
[Annotator "NA RC"]
[PlyCount "104"]
[EventDate "2024.07.03"]
[EventType "swiss"]
[EventCountry "SUI"]
[SourceTitle "playchess.com"]
[Source "ChessBase"]
[SourceQuality "1"]
[TimeControl "40/5400+30:1800+30"]

1. d4 Nf6 2. c4 g6 3. Nc3 Bg7 4. e4 d6 5. Nf3 O-O 6. Be2 Bg4 7. O-O Nfd7 8. Be3 Nc6 9. Qd2 Bxf3 10. Bxf3 e5 11. Ne2 exd4 12. Nxd4 Nxd4 13. Bxd4 Bxd4 14. Qxd4 Qf6 15. Qxf6 Nxf6 16. Rfe1 Nd7 17. Re3 a5 18. Rb1 Nc5 19. b3 Rfe8 20. a3 a4 21. b4 Nb3 22. Rd1 c5 23. bxc5 dxc5 24. Rd5 Rad8 25. Red3 Nd4 26. Kf1 Rxd5 27. exd5 b5 28. Bd1 bxc4 29. Rc3 Nb3 30. Be2 Re4 31. f3 Rd4 32. Kf2 Na5 33. Ke1 Kf8 34. Bd1 Rxd5 35. Bxa4 Rd3 36. Rc2 Rxa3 37. Bb5 c3 38. Ke2 Nb3 39. Rxc3 Nd4+ 40. Kd3 Rxc3+ 41. Kxc3 Nxb5+ 42. Kc4 Nd6+ 43. Kxc5 Ke7 44. Kd5 Ne8 45. Ke5 f6+ 46. Kf4 Ke6 47. h4 Ng7 48. g4 Kd5 49. Ke3 f5 50. Kf2 f4 51. Kg2 Kd4 52. Kf2 Kd3 0-1

[Event "57th Biel Festival ATO 2024"]
[Site "Biel"]
[Date "2024.07.19"]
[Round "4.27"]
[White "Sushrutha, Reddy"]
[Black "Spaeti, Kurt"]
[Result "1-0"]
[ECO "B78"]
[WhiteElo "1649"]
[BlackElo "1804"]
[Annotator "NA RC"]
[PlyCount "37"]
[EventDate "2024.07.03"]
[EventType "swiss"]
[EventCountry "SUI"]
[SourceTitle "playchess.com"]
[Source "ChessBase"]
[SourceQuality "1"]
[TimeControl "40/5400+30:1800+30"]

1. e4 c5 2. Nf3 g6 3. d4 cxd4 4. Nxd4 Bg7 5. Nc3 Nc6 6. Be3 Nf6 7. Bc4 O-O 8. Bb3 d6 9. f3 Bd7 10. Qd2 a6 11. O-O-O Rc8 12. h4 Ne5 13. h5 Nxh5 14. g4 Bxg4 15. fxg4 Nxg4 16. Rdg1 Nxe3 17. Qxe3 Nf6 18. Nf5 h5 19. Rxg6 1-0

[Event "57th Biel Festival ATO 2024"]
[Site "Biel"]
[Date "2024.07.19"]
[Round "4.28"]
[White "Cho, Yeonhee"]
[Black "Keymer, Cecilia"]
[Result "0-1"]
[ECO "C56"]
[WhiteElo "1686"]
[BlackElo "1865"]
[Annotator "NA RC"]
[PlyCount "92"]
[EventDate "2024.07.03"]
[EventType "swiss"]
[EventCountry "SUI"]
[SourceTitle "playchess.com"]
[Source "ChessBase"]
[SourceQuality "1"]
[TimeControl "40/5400+30:1800+30"]

1. e4 e5 2. Nf3 Nc6 3. d4 exd4 4. Bc4 Nf6 5. e5 d5 6. Bb5 Ne4 7. Nxd4 Bd7 8. Bxc6 bxc6 9. O-O Be7 10. f3 Nc5 11. Be3 O-O 12. b4 Ne6 13. Qe1 f6 14. Nxe6 Bxe6 15. Bd4 Qd7 16. a3 fxe5 17. Qxe5 Bf6 18. Qe3 a5 19. Nc3 Bxd4 20. Qxd4 Qd6 21. Ne2 Bf5 22. Qc3 Rfb8 23. Nd4 Bd7 24. Nb3 axb4 25. axb4 Rxa1 26. Rxa1 Rxb4 27. Qe3 Rb8 28. Rd1 Re8 29. Qd3 Qe5 30. Nc5 Bf5 31. Qd2 Qe3+ 32. Qxe3 Rxe3 33. Rd2 Rc3 34. Nd3 Bxd3 35. cxd3 c5 36. Kf2 Kf7 37. Kg3 d4 38. Kf4 c4 39. Ke4 Rxd3 40. Rc2 Rc3 41. Rxc3 dxc3 42. Ke3 Ke6 43. h4 h5 44. g3 Ke5 45. g4 hxg4 46. fxg4 c2 0-1

[Event "57th Biel Festival ATO 2024"]
[Site "Biel"]
[Date "2024.07.19"]
[Round "4.29"]
[White "Kern, Beat"]
[Black "Jaggy, Enzo"]
[Result "0-1"]
[ECO "D48"]
[WhiteElo "1717"]
[BlackElo "1835"]
[Annotator "NA RC"]
[PlyCount "81"]
[EventDate "2024.07.03"]
[EventType "swiss"]
[EventCountry "SUI"]
[SourceTitle "playchess.com"]
[Source "ChessBase"]
[SourceQuality "1"]
[TimeControl "40/5400+30:1800+30"]

1. Nf3 d5 2. d4 Nf6 3. c4 c6 4. e3 e6 5. Nc3 Nbd7 6. Bd3 dxc4 7. Bxc4 b5 8. Bd3 Bb7 9. O-O a6 10. a3 c5 11. dxc5 Nxc5 12. Bc2 Nce4 13. Nxe4 Nxe4 14. Qxd8+ Rxd8 15. Rd1 Be7 16. Nd2 O-O 17. Nxe4 Bxe4 18. Rxd8 Rxd8 19. Bb3 Bf6 20. f3 Bd5 21. Bc2 Rc8 22. Bd3 Bc4 23. Bc2 Rd8 24. Rb1 Bd3 25. Bxd3 Rxd3 26. b4 Rd1+ 27. Kf2 Bc3 28. Ke2 Re1+ 29. Kd3 Be5 30. Kd2 Rg1 31. g4 Bxh2 32. Rb3 Rg2+ 33. Kd1 f5 34. gxf5 exf5 35. Rd3 Rg6 36. f4 h5 37. Rd5 h4 38. Rxf5 h3 39. Rh5 Rh6 40. Rg5 Bxf4 41. exf4 0-1

[Event "57th Biel Festival ATO 2024"]
[Site "Biel"]
[Date "2024.07.19"]
[Round "4.30"]
[White "Noel, Lucien"]
[Black "Schaer, Bryan"]
[Result "0-1"]
[ECO "C00"]
[WhiteElo "1714"]
[BlackElo "1803"]
[Annotator "NA RC"]
[PlyCount "60"]
[EventDate "2024.07.03"]
[EventType "swiss"]
[EventCountry "SUI"]
[SourceTitle "playchess.com"]
[Source "ChessBase"]
[SourceQuality "1"]
[TimeControl "40/5400+30:1800+30"]

1. e4 e6 2. Nf3 d5 3. e5 c5 4. b4 c4 5. c3 Ne7 6. d3 cxd3 7. Bxd3 Ng6 8. h4 Nc6 9. Bc2 Ngxe5 10. Nxe5 Nxe5 11. Qe2 Qc7 12. Bf4 Bd6 13. O-O Bd7 14. Re1 Nc4 15. Bg5 h6 16. Qh5 Rf8 17. Be3 Nxe3 18. Rxe3 Bh2+ 19. Kh1 Bf4 20. Rf3 O-O-O 21. Qg4 e5 22. Bf5 g6 23. Bxd7+ Qxd7 24. Qxd7+ Rxd7 25. g3 Bc1 26. a4 e4 27. Rf6 Kd8 28. g4 Ke7 29. g5 hxg5 30. hxg5 Bxg5 0-1

[Event "57th Biel Festival ATO 2024"]
[Site "Biel"]
[Date "2024.07.19"]
[Round "4.31"]
[White "Meier, Herbert"]
[Black "Kim, Donghan"]
[Result "0-1"]
[ECO "B29"]
[WhiteElo "1678"]
[BlackElo "1746"]
[Annotator "NA RC"]
[PlyCount "68"]
[EventDate "2024.07.03"]
[EventType "swiss"]
[EventCountry "SUI"]
[SourceTitle "playchess.com"]
[Source "ChessBase"]
[SourceQuality "1"]
[TimeControl "40/5400+30:1800+30"]

1. e4 c5 2. Nf3 Nf6 3. Nc3 d5 4. exd5 Nxd5 5. Bb5+ Bd7 6. Bxd7+ Qxd7 7. O-O Nc6 8. Re1 e6 9. d3 Be7 10. Bg5 Bxg5 11. Nxg5 Nxc3 12. bxc3 O-O 13. Qh5 h6 14. Ne4 b6 15. Re3 f5 16. Nd2 e5 17. Rae1 Rae8 18. Qe2 Re7 19. f4 Rfe8 20. fxe5 Rxe5 21. Qf2 Rxe3 22. Rxe3 Rxe3 23. Qxe3 Qd6 24. Qe8+ Kh7 25. Qf7 Qe5 26. Nf1 Ne7 27. d4 cxd4 28. cxd4 Qxd4+ 29. Kh1 Qf2 30. Qc4 Ng6 31. g3 Ne5 32. Qb5 a6 33. Qxa6 Nf3 34. Qd3 Qg1# 0-1

[Event "57th Biel Festival ATO 2024"]
[Site "Biel"]
[Date "2024.07.19"]
[Round "4.33"]
[White "Lachausse, Bruno"]
[Black "Svendsen, Hannelore"]
[Result "1-0"]
[ECO "B14"]
[WhiteElo "1787"]
[BlackElo "1753"]
[Annotator "NA RC"]
[PlyCount "153"]
[EventDate "2024.07.03"]
[EventType "swiss"]
[EventCountry "SUI"]
[SourceTitle "playchess.com"]
[Source "ChessBase"]
[SourceQuality "1"]
[TimeControl "40/5400+30:1800+30"]

1. e4 c6 2. d4 d5 3. exd5 cxd5 4. c4 Nf6 5. Nc3 e6 6. c5 Nc6 7. Nf3 Be7 8. Bd3 O-O 9. O-O Nb4 10. Bb1 b6 11. a3 Nc6 12. b4 bxc5 13. bxc5 Ba6 14. Bd3 Bxd3 15. Qxd3 a6 16. Bf4 Nh5 17. Be3 Na5 18. Nd2 Qc7 19. Na4 Nf4 20. Qc2 Bf6 21. Nf3 Nc4 22. g3 Ng6 23. Nd2 Nxe3 24. fxe3 Rfb8 25. Rab1 Rb5 26. Nb6 Ra7 27. a4 Rxb1 28. Rxb1 Bg5 29. Qd3 Ne7 30. Nf3 Bf6 31. Qb3 Nc6 32. Kg2 g6 33. Qc3 Kg7 34. Ne1 Qd8 35. Nd3 a5 36. Qb3 h5 37. Qb5 Qc7 38. Nf4 Bg5 39. h4 Bxf4 40. gxf4 f6 41. Rg1 Kh6 42. Kf2 Rb7 43. Qd3 Ne7 44. Qb5 Nc6 45. Qd3 Ne7 46. Qd2 Nc6 47. Kf3 Kh7 48. Qd3 Ne7 49. e4 dxe4+ 50. Qxe4 Qc6 51. Re1 Qxe4+ 52. Kxe4 Nf5 53. Kd3 Re7 54. d5 exd5 55. Rxe7+ Nxe7 56. Kd4 Kg7 57. Nxd5 Nc6+ 58. Kc4 Na7 59. Nc7 Kf7 60. Kd5 Ke7 61. Ne6 Nc8 62. Nd4 g5 63. fxg5 fxg5 64. hxg5 h4 65. Ke4 Kf7 66. Kf4 Kg6 67. Kg4 h3 68. Nf3 Ne7 69. Kxh3 Kf5 70. Kh4 Kg6 71. Kg4 Nc6 72. Kf4 Ne7 73. Ke5 Kf7 74. Kd6 Ke8 75. c6 Nc8+ 76. Kc7 Ne7 77. Kb7 1-0

[Event "57th Biel Festival ATO 2024"]
[Site "Biel"]
[Date "2024.07.19"]
[Round "4.34"]
[White "Ahn, Taehyun"]
[Black "Coletta, Julien"]
[Result "0-1"]
[ECO "C90"]
[WhiteElo "1583"]
[BlackElo "1778"]
[Annotator "NA"]
[PlyCount "78"]
[EventDate "2024.07.03"]
[EventType "swiss"]
[EventCountry "SUI"]
[SourceTitle "playchess.com"]
[Source "ChessBase"]
[SourceQuality "1"]
[TimeControl "40/5400+30:1800+30"]

1. e4 e5 2. Nf3 Nc6 3. Bb5 a6 4. Ba4 Nf6 5. O-O Be7 6. Re1 b5 7. Bb3 d6 8. h3 Na5 9. d4 Nxb3 10. axb3 exd4 11. Nxd4 Bd7 12. c4 O-O 13. Bd2 Re8 14. Na3 c5 15. Nf3 b4 16. Nc2 Bc6 17. e5 dxe5 18. Nxe5 Bb7 19. Be3 Qc7 20. Bf4 Bd6 21. Qe2 Nd7 22. Ne3 Nxe5 23. Bxe5 Bxe5 24. Ng4 Bh2+ 25. Nxh2 Rxe2 26. Rxe2 Qc6 27. Nf3 Re8 28. Rxe8+ Qxe8 29. Re1 Qa8 30. Re3 Bxf3 31. Rxf3 g6 32. Rd3 Qe4 33. Rd5 Qb1+ 34. Kh2 Qxb2 35. Rxc5 Qxb3 36. Rc8+ Kg7 37. c5 Qc3 38. c6 b3 39. Rb8 Qe5+ 0-1

[Event "57th Biel Festival ATO 2024"]
[Site "Biel"]
[Date "2024.07.19"]
[Round "4.35"]
[White "Van Bogaert, Olivier"]
[Black "Zarriess, Benjamin"]
[Result "1-0"]
[ECO "E07"]
[WhiteElo "1815"]
[BlackElo "1767"]
[Annotator "NA"]
[PlyCount "37"]
[EventDate "2024.07.03"]
[EventType "swiss"]
[EventCountry "SUI"]
[SourceTitle "playchess.com"]
[Source "ChessBase"]
[SourceQuality "1"]
[TimeControl "40/5400+30:1800+30"]

1. c4 e6 2. g3 d5 3. Bg2 Nf6 4. Nf3 Be7 5. O-O O-O 6. d4 Nbd7 7. Qd3 c6 8. Nc3 b6 9. b3 Bb7 10. Bf4 Rc8 11. Rfd1 a6 12. e4 dxe4 13. Nxe4 c5 14. Ne5 Nxe4 15. Bxe4 Nxe5 16. Bxe5 Qe8 17. Kg2 h6 18. f3 g6 19. Kg1 1-0

[Event "57th Biel Festival ATO 2024"]
[Site "Biel"]
[Date "2024.07.19"]
[Round "4.36"]
[White "Linder, Ernst"]
[Black "Lesniak, Julien"]
[Result "1/2-1/2"]
[ECO "E11"]
[WhiteElo "1765"]
[BlackElo "1728"]
[Annotator "NA RC"]
[PlyCount "69"]
[EventDate "2024.07.03"]
[EventType "swiss"]
[EventCountry "SUI"]
[SourceTitle "playchess.com"]
[Source "ChessBase"]
[SourceQuality "1"]
[TimeControl "40/5400+30:1800+30"]

1. d4 e6 2. Nf3 Nf6 3. c4 Bb4+ 4. Nbd2 O-O 5. a3 Bxd2+ 6. Bxd2 d5 7. e3 Nbd7 8. Rc1 dxc4 9. Bxc4 b6 10. O-O Bb7 11. Be2 Re8 12. b4 Ne4 13. Be1 Rc8 14. Bd3 Ng5 15. Be2 Ne4 16. Kh1 Ng5 17. Bc3 Nxf3 18. Bxf3 Bxf3 19. Qxf3 c5 20. dxc5 bxc5 21. Qg3 f6 22. Rfd1 cxb4 23. axb4 Qc7 24. Qf3 Ne5 25. Qe2 Qc4 26. Qxc4 Nxc4 27. g3 Re7 28. Bd4 Rec7 29. Bc5 Nb2 30. Ra1 Nxd1 31. Rxd1 a5 32. Kg2 Kf7 33. Kf3 Ra8 34. h4 Rb7 35. g4 1/2-1/2

[Event "57th Biel Festival ATO 2024"]
[Site "Biel"]
[Date "2024.07.19"]
[Round "4.37"]
[White "Lang, Jochen"]
[Black "Christoffersen, Odd"]
[Result "0-1"]
[ECO "D02"]
[WhiteElo "1755"]
[BlackElo "1676"]
[Annotator "NA RC"]
[PlyCount "82"]
[EventDate "2024.07.03"]
[EventType "swiss"]
[EventCountry "SUI"]
[SourceTitle "playchess.com"]
[Source "ChessBase"]
[SourceQuality "1"]
[TimeControl "40/5400+30:1800+30"]

1. d4 d5 2. Bf4 e6 3. e3 Bd6 4. Bg3 Nf6 5. Nf3 Bxg3 6. hxg3 c5 7. c3 b6 8. Nbd2 Bb7 9. Bd3 Nbd7 10. Qe2 Ne4 11. Bxe4 dxe4 12. Ne5 Nxe5 13. dxe5 Bd5 14. O-O-O Qg5 15. Qb5+ Kf8 16. Nc4 g6 17. Rd2 Kg7 18. Rhd1 Bxc4 19. Qxc4 Qxe5 20. Rd7 Qf5 21. R1d2 a6 22. Rc7 Rhf8 23. Rdd7 a5 24. Qe2 Rad8 25. g4 Rxd7 26. Rxd7 Qf6 27. Qc2 Qe5 28. Qd2 Rb8 29. Kc2 b5 30. Ra7 a4 31. Qd7 Qf6 32. Qd2 Rd8 33. Qe2 c4 34. a3 Qe5 35. f3 Qd5 36. fxe4 Qxe4+ 37. Kc1 Rd3 38. Qf2 Qxe3+ 39. Qxe3 Rxe3 40. Kd2 Rg3 41. Rb7 Rxg2+ 0-1

[Event "57th Biel Festival ATO 2024"]
[Site "Biel"]
[Date "2024.07.19"]
[Round "4.38"]
[White "Ademi, Rexhe"]
[Black "Jordan, Theodor"]
[Result "0-1"]
[ECO "A06"]
[WhiteElo "1635"]
[BlackElo "1894"]
[Annotator "NA RC"]
[PlyCount "62"]
[EventDate "2024.07.03"]
[EventType "swiss"]
[EventCountry "SUI"]
[SourceTitle "playchess.com"]
[Source "ChessBase"]
[SourceQuality "1"]
[TimeControl "40/5400+30:1800+30"]

1. Nf3 d5 2. c3 c5 3. d3 Nc6 4. g3 e5 5. Bg2 Nf6 6. O-O h6 7. Qc2 Be6 8. Nbd2 Be7 9. Qa4 O-O 10. e4 d4 11. c4 Qc7 12. a3 a6 13. Qc2 b5 14. b3 Rab8 15. Nh4 Rfd8 16. Qd1 Qc8 17. Nf5 Rb6 18. Nxe7+ Nxe7 19. Nf3 Ng6 20. Bd2 Rd7 21. Qc1 Kh7 22. Kh1 bxc4 23. bxc4 Rdb7 24. Ne1 Bh3 25. f4 Bxg2+ 26. Nxg2 Qh3 27. Nh4 Nxh4 28. gxh4 Ng4 29. Rf2 Nxf2+ 30. Kg1 Qf3 31. h3 Rg6+ 0-1

[Event "57th Biel Festival ATO 2024"]
[Site "Biel"]
[Date "2024.07.19"]
[Round "4.39"]
[White "Ernst, Heinz"]
[Black "Wipf, Armin"]
[Result "1-0"]
[ECO "D61"]
[WhiteElo "1830"]
[BlackElo "1643"]
[Annotator "NA RC"]
[PlyCount "51"]
[EventDate "2024.07.03"]
[EventType "swiss"]
[EventCountry "SUI"]
[SourceTitle "playchess.com"]
[Source "ChessBase"]
[SourceQuality "1"]
[TimeControl "40/5400+30:1800+30"]

1. d4 d5 2. c4 e6 3. Nc3 Nf6 4. Bg5 Be7 5. e3 O-O 6. Nf3 a6 7. cxd5 exd5 8. Qc2 c6 9. Bd3 Nbd7 10. O-O Re8 11. Rab1 Ne4 12. Bxe7 Qxe7 13. b4 Ndf6 14. Ne5 Nxc3 15. Qxc3 Qd6 16. Qc5 Qc7 17. Rfc1 Nd7 18. Nxd7 Qxd7 19. a4 Qe7 20. b5 axb5 21. axb5 Qxc5 22. Rxc5 Ra3 23. Bf1 Bf5 24. Rbc1 Rea8 25. bxc6 bxc6 26. Rxc6 1-0